 Dungeon Crawl Stone Soup version 0.23-a0-639-ga9a3373 (webtiles) character file.

824 Leeroy the Carver (level 7, 0/55 HPs)
             Began as a White Draconian Skald on Dec 29, 2018.
             Was an Initiate of Okawaru.
             Killed by nerve-wracking pain
             ... invoked by an orc priest
              (5 damage)
             ... on level 5 of the Dungeon.
             The game lasted 00:14:28 (5925 turns).

Leeroy the Carver (White Draconian Skald)           Turns: 5925, Time: 00:14:30

Health: 0/55       AC:  6    Str: 18    XL:     7   Next: 64%
Magic:  8/10       EV: 12    Int: 16    God:    Okawaru [......]
Gold:   183        SH:  0    Dex: 10    Spells: 2/10 levels left

rFire    . . .     SeeInvis .   x - +2 dagger (flame)
rCold    + . .     Gourm    .   (no shield)
rNeg     + . .     Faith    .   (armour unavailable)
rPois    .         Spirit   .   (helmet restricted)
rElec    .         Reflect  .   (no cloak)
rCorr    .         Harm     .   (no gloves)
MR       .....                  (no boots)
Stlth    +.........             (no amulet)
HPRegen  0.18/turn              y - ring of positive energy
MPRegen  0.12/turn              (no ring)

@: mighty, flying, very slightly contaminated, hasted, invisible, very quick
A: breathe frost, unfitting armour, cold resistance 1, cold-blooded, AC +6
a: Breathe Frost, Renounce Religion


You were on level 5 of the Dungeon.
You worshipped Okawaru.
Okawaru was noncommittal.
You were hungry.

You visited 2 branches of the dungeon, and saw 6 of its levels.

You collected 183 gold pieces.

Inventory:

Hand Weapons
 a - a +0 falchion
 f - a +0 halberd
 j - a +0 short sword
 l - a +3 club
 m - a +0 hunting sling
 n - a +0 short sword
 o - a +0 spear
 p - a +0 dagger
 s - a +1 dagger of protection
 u - a +3 dagger
 x - a +2 dagger of flaming (weapon)
 D - a +0 war axe
 F - a +0 flail
 J - a +1 hand axe of chopping
Missiles
 k - 93 stones (quivered)
 r - 16 arrows
 t - 42 poisoned needles
 v - 32 sling bullets
 z - 8 tomahawks of dispersal
 E - 18 bolts
Armour
 e - a +2 buckler
 B - a cursed +0 leather armour
Jewellery
 y - a ring of positive energy (left hand)
Wands
 w - a wand of random effects (15)
Scrolls
 b - 2 scrolls of magic mapping
 h - 2 scrolls of enchant weapon {unknown}
 q - 3 scrolls of immolation {unknown}
 A - a scroll of remove curse {unknown}
 G - 2 scrolls of teleportation {unknown}
Potions
 d - a potion of might
 C - a potion of heal wounds {unknown}
 K - a potion of lignification {unknown}
Comestibles
 c - 5 rations
 I - a chunk of flesh


   Skills:
 - Level 2.1 Fighting
 + Level 8.6 Long Blades
 - Level 2.1 Dodging
 - Level 2.0 Spellcasting
 + Level 1.6 Hexes
 - Level 2.6 Charms


You had 2 spell levels left.
You knew the following spells:

 Your Spells              Type           Power        Failure   Level  Hunger
a - Infusion              Chrm           ##..         7%          1    #......
b - Spectral Weapon       Hex/Chrm       #.......     26%         3    ###....
c - Regeneration          Chrm/Necr      #.........   34%         3    ###....
d - Beastly Appendage     Tmut           #.....       21%         1    #......

Your spell library contained the following spells:

 Spells                   Type           Power        Failure   Level  Hunger
 Song of Slaying          Chrm           ##......     11%         2    ###....
 Shroud of Golubria       Chrm/Tloc      #.........   19%         2    ###....
 Sticks to Snakes         Tmut           #.......     30%         2    ###....
 Spider Form              Tmut/Pois      #.........   52%         3    ###....
 Ice Form                 Ice/Tmut       #.......     90%         4    #####..
 Blade Hands              Tmut           #.........   99%         5    ######.


Dungeon Overview and Level Annotations

Branches:
Dungeon (5/15)             Temple (1/1) D:4

Altars:
Cheibriados
Elyvilon
Fedhas
Hepliaklqana
Makhleb
Nemelex Xobeh
Okawaru
Qazlal
Ru
Sif Muna
Uskayaw
Vehumet
Wu Jian
Xom
Yredelemnul
Zin
The Shining One


Innate Abilities, Weirdness & Mutations

You can breathe waves of freezing cold.
You can buffet flying creatures when you breathe cold.
Your icy white scales are hard. (AC +6)
You cannot fit into any form of body armour.
Your flesh is cold resistant. (rC+)
You are cold-blooded and may be slowed by cold attacks.


Message History

The jackal barely misses you.
It was a potion of flight.
You feel very buoyant.
You fly up into the air.
The jackal closely misses you. x2
The orc wizard hits you with a +0 dagger.
* * * LOW HITPOINT WARNING * * *
The orc priest barely misses you.
It was a potion of invisibility.
You fade into invisibility!
The jackal closely misses you. The jackal barely misses you.
The orc wizard closely misses you. The jackal closely misses you.
The jackal barely misses you.
You are very lightly contaminated with residual magic.
It was a potion of haste.
You feel yourself speed up. The jackal closely misses you.
The orc wizard hits you but does no damage.
The jackal barely misses you.
The orc priest mumbles some strange prayers to Beogh against you.
Pain shoots through your body!
You die...

#.........#
#.........#
+.........#
#.........#
#......... ##....o(.
#....#o##### .####
#...oo@o...# ....
#....#hh...+ ...
#....##'####+##.###+
##..................
.. #...............#
...
#...............#
...
#.............### #.
########....#.# #.
#....#.### ###.


You could see an orc priest, an orc wizard, 3 orcs, 2 jackals and a friendly
spectral +2 dagger of flaming.

Vanquished Creatures
  Sigmund (D:3)
  Menkaure (D:4)
  An ice beast (D:5)
  A howler monkey (D:4)
  3 hounds
  2 orc wizards
  Ijyb (D:3)
  2 worker ants (D:4)
  Robin (D:2)
  5 gnolls (D:1)
  4 adders
  3 oozes
  2 worms
  A dart slug (D:1)
  4 leopard geckos
  9 orcs
  6 giant cockroaches
  3 hobgoblins
  7 kobolds
  2 quokkas
  A ball python (D:3)
  A ball python skeleton (D:4)
  5 bats
  5 frilled lizards
  17 goblins
  A leopard gecko skeleton (D:4)
  A quokka zombie (D:5)
  12 rats
102 creatures vanquished.

Vanquished Creatures (others)
  A spectral weapon (D:4)
1 creature vanquished.

Grand Total: 103 creatures vanquished

Notes
Turn   | Place    | Note
-------+----------+-------------------------------------------
     0 | D:1      | Leeroy the Draconian Skald began the quest for the Orb.
     0 | D:1      | Reached XP level 1. HP: 17/17 MP: 3/3
   120 | D:1      | Reached XP level 2. HP: 20/24 MP: 5/5
   191 | D:1      | Reached skill level 3 in Long Blades
   237 | D:1      | Reached XP level 3. HP: 22/29 MP: 6/6
   242 | D:1      | Learned a level 3 spell: Spectral Weapon
   555 | D:2      | Noticed Robin
   556 | D:2      | Reached skill level 4 in Long Blades
   570 | D:2      | Killed Robin
   899 | D:1      | Reached XP level 4. HP: 26/36 MP: 3/7
  1723 | D:2      | Reached skill level 5 in Long Blades
  1812 | D:2      | Found a white marble altar of Elyvilon.
  1856 | D:2      | Reached XP level 5. HP: 41/41 MP: 8/8
  1902 | D:2      | Learned a level 3 spell: Regeneration
  2381 | D:3      | Noticed Sigmund
  3501 | D:3      | Killed Sigmund
  3501 | D:3      | Reached skill level 6 in Long Blades
  3501 | D:3      | Reached XP level 6. HP: 27/48 MP: 4/9
  3543 | D:3      | Found a glowing silver altar of Zin.
  3548 | D:3      | Found an iron altar of Okawaru.
  3549 | D:3      | Found a shimmering altar of Xom.
  3562 | D:3      | Became a worshipper of Warmaster Okawaru
  3630 | D:3      | Noticed Ijyb
  3670 | D:3      | Killed Ijyb
  4139 | D:4      | Noticed Menkaure
  4167 | D:3      | Reached skill level 7 in Long Blades
  4412 | D:3      | Learned a level 1 spell: Beastly Appendage
  4765 | D:4      | Reached skill level 1 in Hexes
  5058 | D:4      | Found a staircase to the Ecumenical Temple.
  5064 | Temple   | Entered the Ecumenical Temple
  5185 | D:4      | Your scales start taking on an icy white colour.
  5185 | D:4      | Reached XP level 7. HP: 49/55 MP: 10/10
  5185 | D:4      | Gained mutation: Your flesh is cold resistant. (rC+) [White
                  | Draconian growth]
  5326 | D:4      | Killed Menkaure
  5326 | D:4      | Reached skill level 8 in Long Blades
  5669 | D:5      | Entered Level 5 of the Dungeon
  5925 | D:5      | Killed from afar by an orc priest

Vault maps used:
D:1:      lemuel_arrival_cross
D:2:      nicolae_overflow_crystal_walls, uniq_robin
D:3:      chequers_temple_overflow_statue_of_worship, uniq_ijyb, uniq_sigmund
D:4:      minmay_temple_entry_waves, first_ration, uniq_menkaure
D:5:      nicolae_ossuary_entry_plus, uniq_crazy_yiuf_cottage,
          uniq_blork_the_orc
Temple:   nicolae_temple_god_jail

Skill      XL: |  1  2  3  4  5  6  7 |
---------------+----------------------+-----
Long Blades    | 3 4 5 6 7 8 |  8.6
Hexes          | 1 |  1.6
Fighting       | |  2.1
Dodging        | |  2.1
Spellcasting   | |  2.0
Charms         | |  2.6

Action                   |  1- 3 |  4- 6 |  7- 9 || total
-------------------------+-------+-------+-------++-------
Melee: Falchion          |    89 |    75 |       ||   164
       Tailslap          |    16 |    31 |     9 ||    56
       Dagger            |       |   222 |    91 ||   313
       Kick              |       |     2 |     2 ||     4
Throw: Stone             |       |     4 |       ||     4
 Cast: Spectral Weapon   |     1 |     5 |     2 ||     8
       Regeneration      |       |     1 |       ||     1
       Beastly Appendage |       |     3 |     1 ||     4
  Use: Scroll            |       |     3 |       ||     3
       Potion            |       |       |     4 ||     4
 Stab: Sleeping          |       |     1 |       ||     1
  Eat: Chunk             |       |    12 |     2 ||    14
       Ration            |       |     1 |       ||     1
Armor: Skin              |    33 |    87 |    43 ||   163
Dodge: Dodged            |    79 |   165 |    75 ||   319
       Rpst.: Falchion   |    28 |    18 |       ||    46

Table legend:
 A = Non-vault XP
 B = Vault XP
 C = Vault XP percentage of total XP
 D = Non-vault monster count
 E = Vault monster count
 F = Vault count percentage of total count
                 A         B        C        D         E       F
            +---------+---------+-------+---------+---------+-------
      Total |     708 |     470 |  39.9 |      88 |      14 |  13.7
            +---------+---------+-------+---------+---------+-------
        D:1 |     117 |       0 |   0.0 |      29 |       0 |   0.0
        D:2 |      56 |      35 |  38.5 |      18 |      11 |  37.9
        D:3 |     114 |     263 |  69.8 |      16 |       2 |  11.1
        D:4 |     247 |     172 |  41.1 |      21 |       1 |   4.5
        D:5 |     174 |       0 |   0.0 |       4 |       0 |   0.0
            +---------+---------+-------+---------+---------+-------
